 Dungeon Crawl Stone Soup version 0.21.1-1-g345015fe64 (webtiles) character file.

734 Revguard the Slasher (level 7, -8/60 HPs)
             Began as a Minotaur Fighter on June 28, 2018.
             Mangled by an ogre
             ... wielding a +0 giant club
              (24 damage)
             ... on level 5 of the Dungeon.
             The game lasted 00:16:01 (2451 turns).

Revguard the Slasher (Minotaur Fighter)             Turns: 2451, Time: 00:16:02

Health: -8/60      AC:  8    Str: 22    XL:     7   Next: 45%
Magic:  6/6        EV:  9    Int:  5    God:
Gold:   227        SH: 10    Dex: 10    Spells: 6/6 levels left

rFire    . . .     SeeInvis .   a - +0 long sword
rCold    + . .     Gourm    .   c - +0 shield
rNeg     . . .     Faith    .   b - +0 scale mail
rPois    .         Spirit   .   (helmet restricted)
rElec    .         Reflect  .   (no cloak)
rCorr    .         Harm     .   q - +0 pair of gloves
MR       +....                  (no boots)
Stlth    ..........             (no amulet)
HPRegen  0.20/turn              k - ring of protection from magic
MPRegen  0.10/turn              n - ring of protection from cold

@: no status effects
A: retaliatory headbutt, horns 2
a: no special abilities


You were on level 5 of the Dungeon.
You were not hungry.

You visited 1 branch of the dungeon, and saw 5 of its levels.

You collected 227 gold pieces.

Inventory:

Hand Weapons
 a - a +0 long sword (weapon)
 i - a +0 longbow
Missiles
 e - 40 arrows (quivered)
Armour
 b - a +0 scale mail (worn)
 c - a +0 shield (worn)
 q - a +0 pair of gloves (worn)
Jewellery
 k - a ring of protection from magic (left hand)
 n - a ring of protection from cold (right hand)
Wands
 p - a wand of disintegration (13)
Scrolls
 g - a scroll of enchant weapon
 m - a scroll of magic mapping {unknown}
 o - a scroll of identify
 t - a scroll of teleportation
 u - a scroll of random uselessness {unknown}
Potions
 d - a potion of brilliance {unknown}
 h - 2 potions of haste
 j - a potion of agility {unknown}
 l - a potion of flight {unknown}
 r - a potion of mutation {unknown}
 s - a potion of heal wounds {unknown}
Comestibles
 f - 7 rations


   Skills:
 + Level 4.7 Fighting
 + Level 5.9 Long Blades
 * Level 2.5 Bows
 + Level 4.7 Armour
 * Level 3.6 Dodging
 + Level 0.1 Stealth
 + Level 5.8 Shields


You had 6 spell levels left.
You didn't know any spells.

Dungeon Overview and Level Annotations

Branches:
Dungeon (5/15)
 Temple: D:4-7

Altars:
Cheibriados
Gozag


Innate Abilities, Weirdness & Mutations

You reflexively headbutt those who attack you in melee.
You have a pair of horns on your head.


Message History

You hit the quokka but do no damage. The quokka bites you.
You block the quokka's attack.
You closely miss the quokka. You block the quokka's attack.
You block the ogre's attack.
You hit the ogre.
The ogre is lightly wounded.
You block the quokka's attack.
You slash the ogre! You headbutt the ogre.
The ogre is severely wounded.
You block the quokka's attack. The ogre hits you with a giant club!!
The quokka misses you.
You barely miss the ogre.
The ogre is severely wounded.
The ogre hits you with a giant club!! You block the quokka's attack.
You hit the ogre.
The ogre is severely wounded.
The quokka bites you.
* * * LOW HITPOINT WARNING * * *
The ogre hits you with a giant club!!
You die...

. ....# ..... ..
...####..... . ...
#.......... .
...###.........# .#
...............## .#
........###.....##.#
..........###......# .
..........#....O...##...
..........#..(.:@r......
........................
........................
.......................>
........................
..(..............?!.....
†............#..........
.#...(.......######.....
.###.........# ....


You could see an ogre and a quokka.

Vanquished Creatures
  A sky beast (D:5)
  2 bullfrogs
  A scorpion (D:4)
  2 orc priests
  5 orc wizards
  A bullfrog skeleton (D:4)
  An iguana (D:3)
  2 worker ants
  Robin (D:2)
  An adder (D:4)
  4 oozes
  An adder skeleton (D:4)
  A worm (D:3)
  4 dart slugs
  3 leopard geckos
  16 orcs
  9 bats
  4 giant cockroaches
  13 goblins
  7 hobgoblins
  2 jackals (D:1)
  5 frilled lizards
  A jackal skeleton (D:4)
  9 kobolds
  2 leopard gecko skeletons (D:4)
  A quokka skeleton (D:4)
  7 rats
106 creatures vanquished.

Notes
Turn   | Place    | Note
-------+----------+-------------------------------------------
     0 | D:1      | Revguard the Minotaur Fighter began the quest for the Orb.
     0 | D:1      | Reached XP level 1. HP: 19/19 MP: 0/0
    50 | D:1      | Reached XP level 2. HP: 27/27 MP: 1/1
   240 | D:1      | Reached skill level 1 in Dodging
   412 | D:1      | Reached XP level 3. HP: 33/33 MP: 2/2
   605 | D:2      | Noticed Robin
   606 | D:2      | Noticed a bullfrog
   630 | D:2      | Killed a bullfrog
   630 | D:2      | Reached XP level 4. HP: 29/40 MP: 3/3
   650 | D:2      | Killed Robin
   651 | D:2      | Reached XP level 5. HP: 25/46 MP: 4/4
  1178 | D:3      | Found a snail-covered altar of Cheibriados.
  1257 | D:3      | Found an opulent altar of Gozag.
  1318 | D:3      | Reached skill level 5 in Shields
  1318 | D:3      | Reached XP level 6. HP: 34/53 MP: 5/5
  1329 | D:3      | Reached skill level 1 in Bows
  1712 | D:4      | Reached skill level 5 in Long Blades
  1924 | D:4      | Reached XP level 7. HP: 34/60 MP: 6/6
  2323 | D:4      | You fall through a shaft!
  2323 | D:5      | Entered Level 5 of the Dungeon
  2451 | D:5      | Mangled by an ogre

Skill      XL: |  1  2  3  4  5  6 |
---------------+-------------------+-----
Dodging        | 1 2 3 |  3.6
Fighting       | 4 |  4.7
Shields        | 4 5 |  5.8
Long Blades    | 3 4 5 |  5.9
Armour         | 4 |  4.7
Bows           | 2 |  2.5
Stealth        | |  0.1

Action                   |  1- 3 |  4- 6 |  7- 9 || total
-------------------------+-------+-------+-------++-------
Melee: Long sword        |    56 |   139 |    43 ||   238
       Headbutt          |    13 |    31 |    11 ||    55
  Use: Potion            |     4 |       |       ||     4
       Scroll            |       |     3 |       ||     3
  Eat: Ration            |       |     1 |     1 ||     2
Armor: Scale mail        |    41 |    50 |    19 ||   110
Dodge: Dodged            |    27 |    41 |    12 ||    80
Block: Shield            |    50 |    85 |    28 ||   163
       Rpst.: Long sword |     4 |    12 |     4 ||    20
